Flames vs Maroons

Created - 14 février 2020 at 22:00

Goals
1 2 3 OT1 SO T
Flames 0 2 1 0 0 3
Maroons 1 1 1 0 1 4
Shots
1 2 3 OT1 SO T
Flames 17 11 13 7 3 48
Maroons 6 17 7 3 3 33

1st period

1. Maroons , Bryan Rust 9 (Pierre-Luc Dubois 22) at 2:56 (PP)

Penalties :
Drew Doughty (CAL) for High sticking (Minor) at 2:18, Noah Juulsen (MON) for High sticking (Minor) at 14:07

2nd period

2. Maroons , Pierre-Luc Dubois 17 (Bryan Rust 13, Brenden Dillon 6) at 3:33
3. Flames , Victor Hedman 3 (Sam Reinhart 36, Carey Price) at 4:04
4. Flames , Trevor Moore 1 (Drew Doughty 18, Brandon Manning 3) at 10:21 (SH)

Penalties :
Nick Bjugstad (CAL) for Slashing (Double Minor) at 7:01, Brendan Gallagher (MON) for Hooking (Minor) at 18:55

3rd period

5. Flames , David Krejci 20 (Sam Reinhart 37) at 5:58 (PP)
6. Maroons , Charlie Coyle 12 (Bryan Rust 14, Pierre-Luc Dubois 23) at 9:56 (PP)

Penalties :
David Savard (CAL) for Holding (Minor) at 2:26, Nick Ritchie (MON) for Hooking (Minor) at 4:50, Alex Chiasson (CAL) for Tripping (Minor) at 9:34

Overtime #1

No Goal

Penalties :
No Penalty

Shootout

Flames, Sam Reinhart - Shot Misses the Net
Maroons, Bo Horvat - Shot Misses the Net
Flames, David Kampf - Shot Misses the Net
Maroons, Matthew Tkachuk - Stopped by Carey Price
Flames, Nick Bjugstad - Shot Misses the Net
Maroons, Brendan Gallagher - Goal!

Penalties :
No Penalty

Goalie Stats

Carey Price (CAL), 30 saves from 33 shots - (0,909), OTL, 20-13-7, 65:00 minutes
John Gibson (MON), 45 saves from 48 shots - (0,938), W, 22-16-5, 65:00 minutes

Players Stats for Flames

Player Name              G  A  P  +/- PIM S  H  SB GA TA FO     MP     PP MP  PK MP  
------------------------------------------------------------------------------------
Alex Chiasson            0  0  0   1  2   4  0  0  1  1  0/0    16:00   1:47   0:00 
Anders Lee               0  0  0   0  0   5  3  1  0  2  1/4    22:27   3:13   0:26 
Brad Richardson          0  0  0  -1  0   1  1  1  1  0  6/11   15:18   1:47   3:43 
Brandon Manning          0  1  1   1  0   0  0  0  0  0  0/0    13:50   0:46   1:45 
David Kampf              0  0  0   1  0   0  0  0  0  0  2/3    10:21   0:00   1:50 
David Krejci             1  0  1   0  0   3  0  0  1  1  14/30  21:29   3:13   0:00 
David Savard             0  0  0   0  2   0  0  2  0  0  0/0    23:33   1:54   1:23 
Drew Doughty             0  1  1   2  2   4  1  2  0  1  0/0    30:34   2:26   2:54 
Jeff Carter              0  0  0   1  0   3  2  1  0  0  10/18  15:09   1:47   0:00 
Kevan Miller             0  0  0   0  0   3  3  0  0  1  0/0    16:47   0:00   3:57 
Leo Komarov              0  0  0  -1  0   4  1  0  0  0  0/1    13:38   0:00   3:20 
Marcus Sorensen          0  0  0   0  0   0  1  1  0  0  0/0    10:21   0:00   1:31 
Nick Bjugstad            0  0  0  -1  4   5  4  0  0  0  0/0    10:20   0:09   0:00 
Nick Jensen              0  0  0  -1  0   1  0  0  0  0  0/0    20:53   2:26   3:57 
Ryan Donato              0  0  0   1  0   4  0  0  0  0  0/0    15:06   0:06   1:16 
Sam Reinhart             0  2  2   0  0   7  1  0  1  1  2/2    22:05   3:16   0:00 
Trevor Moore             1  0  1   1  0   2  1  0  0  0  0/0    10:21   0:00   1:50 
Victor Hedman            1  0  1   0  0   2  2  0  1  0  0/0    19:46   2:40   0:00 

Players Stats for Maroons

Player Name              G  A  P  +/- PIM S  H  SB GA TA FO     MP     PP MP  PK MP  
------------------------------------------------------------------------------------
Alexander Kerfoot        0  0  0  -1  0   0  1  1  0  0  0/1    11:20   0:37   0:06 
Bo Horvat                0  0  0   0  0   5  1  0  0  0  23/37  26:01   3:18   3:32 
Brendan Gallagher        0  0  0   0  2   4  3  0  0  1  1/3    23:29   3:17   0:56 
Brenden Dillon           0  1  1   0  0   1  2  4  0  0  0/0    19:03   3:08   1:30 
Bryan Rust               1  2  3   0  0   3  1  0  0  1  1/1    19:30   3:04   1:19 
Cal Clutterbuck          0  0  0  -1  0   1  0  0  0  0  0/1    11:03   0:23   0:07 
Carl Gunnarsson          0  0  0   0  0   0  2  5  1  1  0/0    15:11   0:17   1:05 
Charlie Coyle            1  0  1   0  0   4  1  0  0  0  0/0    16:56   3:04   0:00 
Esa Lindell              0  0  0  -1  0   0  0  0  0  0  0/0    26:26   3:33   0:20 
Frederik Gauthier        0  0  0   0  0   0  1  0  0  0  1/1     7:54   0:38   0:00 
Jacob Trouba             0  0  0  -1  0   2  1  0  2  0  0/0    29:54   3:33   3:16 
Jay Beagle               0  0  0   0  0   1  1  0  0  0  0/3     6:50   0:00   0:00 
Matthew Tkachuk          0  0  0   0  0   4  0  0  3  0  1/4    25:38   3:17   3:32 
Nick Ritchie             0  0  0   0  2   1  2  0  0  0  0/0     6:49   0:00   0:00 
Nick Schmaltz            0  0  0  -1  0   2  0  0  0  0  0/1    11:46   0:12   0:18 
Noah Juulsen             0  0  0   0  2   0  2  0  0  1  0/0    14:41   0:17   2:29 
Pierre-Luc Dubois        1  2  3   0  0   4  3  0  1  0  7/17   17:30   3:04   0:22 
Ryan McDonagh            0  0  0   0  0   1  0  3  0  1  0/0    19:50   3:08   1:32 

3 Stars

1 - Pierre-Luc Dubois (MON)
2 - Bryan Rust (MON)
3 - John Gibson (MON)

Power Play

Flames - 1 on 3 Attempt(s) - 33,33%
Maroons - 2 on 5 Attempt(s) - 40,00%

Penalty Kill

Flames - 3 on 5 Attempt(s) - 60,00% - Score 1 goal in Penalty Kill
Maroons - 2 on 3 Attempt(s) - 66,67% - Score 0 goal in Penalty Kill

Team Stat

Flames - Hits : 20 - Faceoff Wins : 35 - Blocked Shots : 8 - Penalty Minutes : 10
Maroons - Hits : 21 - Faceoff Wins : 34 - Blocked Shots : 13 - Penalty Minutes : 6

Official

Referees : Graham Skiliter and Mike Hasenfratz
Linesman : Greg Devorski and Mark Shewchyk

Game Notes

No Game Note

Finance

Level 1 -- Attendance: 4612 (76,87%) -- Ticket Income 461 200 $
Level 2 -- Attendance: 4666 (93,32%) -- Ticket Income 279 960 $
Level 3 -- Attendance: 2000 (100,00%) -- Ticket Income 70 000 $
Level 4 -- Attendance: 3578 (89,45%) -- Ticket Income 71 560 $
Luxury Box -- Attendance: 748 (74,80%) -- Ticket Income 149 600 $
Game was played at the Arena de Verdun.
Total Attendance: 15604 (86,69%)
Total Ticket Income: 1 032 320 $
Other Income: 505 837 $
Total Income: 1 538 157 $

Flames

5 vs 5 Forward 
   Center                   Left Wing                Right Wing               Time % Phy DF OF 
 1 David Krejci             Anders Lee               Sam Reinhart             40     0   1  4  
 2 Jeff Carter              Ryan Donato              Alex Chiasson            30     0   2  3  
 3 Brad Richardson          Leo Komarov              Nick Bjugstad            20     1   2  2  
 4 David Kampf              Marcus Sorensen          Trevor Moore             10     1   3  1  

5 vs 5 Defense 
   Defense                  Defense                                           Time % Phy DF OF 
 1 David Savard             Drew Doughty                                      40     0   2  3  
 2 Victor Hedman            Nick Jensen                                       30     1   2  2  
 3 Brandon Manning          Kevan Miller                                      20     2   2  1  
 4 Drew Doughty             Victor Hedman                                     10     0   2  3  

PowerPlay Forward 
   Center                   Left Wing                Right Wing               Time % Phy DF OF 
 1 David Krejci             Anders Lee               Sam Reinhart             60     0   0  5  
 2 Jeff Carter              Brad Richardson          Alex Chiasson            40     0   1  4  

PowerPlay Defense
   Defense                  Defense                                           Time % Phy DF OF 
 1 Drew Doughty             Victor Hedman                                     60     0   1  4  
 2 Nick Jensen              David Savard                                      40     0   1  4  

Penalty Kill 4 Players Forward 
   Center                   Wing                     Time % Phy DF OF 
 1 Brad Richardson          Leo Komarov              60     1   4  0  
 2 David Kampf              Trevor Moore             40     0   4  1  

Penalty Kill 4 Players Defense
   Defense                  Defense                  Time % Phy DF OF 
 1 Kevan Miller             Nick Jensen              60     1   4  0  
 2 David Savard             Drew Doughty             40     1   4  0  

Penalty Kill - 3 Players Forward 
   Forward                                           Time % Phy DF OF 
 1 Brad Richardson                                   60     0   5  0  
 2 David Kampf                                       40     0   5  0  

Penalty Kill - 3 Players Defense
   Defense                  Defense                  Time % Phy DF OF 
 1 Nick Jensen              Kevan Miller             60     0   5  0  
 2 David Savard             Drew Doughty             40     0   5  0  

4 vs 4 Forward 
   Center                   Wing                     Time % Phy DF OF 
 1 David Krejci             Sam Reinhart             60     0   2  3  
 2 Jeff Carter              Anders Lee               40     0   2  3  

4 vs 4 Defense
   Defense                  Defense                  Time % Phy DF OF 
 1 Victor Hedman            Drew Doughty             60     0   2  3  
 2 David Savard             Kevan Miller             40     0   3  2  

Last Minutes Offensive
   Center                   Left Wing                Right Wing               Defense                  Defense                  
   David Krejci             Anders Lee               Sam Reinhart             Drew Doughty             Victor Hedman            

Last Minutes Defensive
   Center                   Left Wing                Right Wing               Defense                  Defense                  
   Brad Richardson          Leo Komarov              David Kampf              Kevan Miller             Nick Jensen              

Goaltenders
Starting : Carey Price              
Backup : Curtis McElhinney        

Extra Forwards
Normal : Sam Reinhart, David Krejci, Anders Lee - PP : Brad Richardson, Nick Bjugstad - PK : Marcus Sorensen
Extra Defensemen
Normal : Drew Doughty, Victor Hedman, Nick Jensen - PP : Victor Hedman - PK : David Savard, Nick Jensen
Penalty Shots
Sam Reinhart, David Kampf, Nick Bjugstad, David Savard, Brandon Manning
Custom OT Lines Forwards
Sam Reinhart, Anders Lee, David Krejci, Alex Chiasson, Jeff Carter, Brad Richardson, Nick Bjugstad, Ryan Donato, Marcus Sorensen, David Kampf
Custom OT Lines Defensemen
Drew Doughty, Victor Hedman, David Savard, Nick Jensen, Kevan Miller

Scratches
Pavel Zacha (Severed Left Wrist Tendons Injury), Reid Petryk (Healthy), John Ramage (Healthy), Victor Rask (Healthy), Alex Biega (Healthy)

Maroons

5 vs 5 Forward 
   Center                   Left Wing                Right Wing               Time % Phy DF OF 
 1 Bo Horvat                Matthew Tkachuk          Brendan Gallagher        40     1   2  2  
 2 Pierre-Luc Dubois        Bryan Rust               Charlie Coyle            30     1   2  2  
 3 Nick Schmaltz            Cal Clutterbuck          Alexander Kerfoot        20     1   2  2  
 4 Jay Beagle               Nick Ritchie             Frederik Gauthier        10     1   2  2  

5 vs 5 Defense 
   Defense                  Defense                                           Time % Phy DF OF 
 1 Esa Lindell              Jacob Trouba                                      40     1   2  2  
 2 Ryan McDonagh            Brenden Dillon                                    30     1   2  2  
 3 Noah Juulsen             Carl Gunnarsson                                   20     1   2  2  
 4 Esa Lindell              Jacob Trouba                                      10     1   2  2  

PowerPlay Forward 
   Center                   Left Wing                Right Wing               Time % Phy DF OF 
 1 Bo Horvat                Matthew Tkachuk          Brendan Gallagher        60     1   2  2  
 2 Pierre-Luc Dubois        Bryan Rust               Charlie Coyle            40     1   2  2  

PowerPlay Defense
   Defense                  Defense                                           Time % Phy DF OF 
 1 Esa Lindell              Jacob Trouba                                      60     1   2  2  
 2 Ryan McDonagh            Brenden Dillon                                    40     1   2  2  

Penalty Kill 4 Players Forward 
   Center                   Wing                     Time % Phy DF OF 
 1 Bo Horvat                Matthew Tkachuk          60     1   2  2  
 2 Brendan Gallagher        Bryan Rust               40     1   2  2  

Penalty Kill 4 Players Defense
   Defense                  Defense                  Time % Phy DF OF 
 1 Noah Juulsen             Jacob Trouba             60     1   2  2  
 2 Ryan McDonagh            Brenden Dillon           40     1   2  2  

Penalty Kill - 3 Players Forward 
   Forward                                           Time % Phy DF OF 
 1 Bo Horvat                                         60     1   2  2  
 2 Matthew Tkachuk                                   40     1   2  2  

Penalty Kill - 3 Players Defense
   Defense                  Defense                  Time % Phy DF OF 
 1 Carl Gunnarsson          Jacob Trouba             60     1   2  2  
 2 Ryan McDonagh            Brenden Dillon           40     1   2  2  

4 vs 4 Forward 
   Center                   Wing                     Time % Phy DF OF 
 1 Bo Horvat                Matthew Tkachuk          60     1   2  2  
 2 Brendan Gallagher        Bryan Rust               40     1   2  2  

4 vs 4 Defense
   Defense                  Defense                  Time % Phy DF OF 
 1 Noah Juulsen             Jacob Trouba             60     1   2  2  
 2 Ryan McDonagh            Brenden Dillon           40     1   2  2  

Last Minutes Offensive
   Center                   Left Wing                Right Wing               Defense                  Defense                  
   Bo Horvat                Matthew Tkachuk          Brendan Gallagher        Esa Lindell              Jacob Trouba             

Last Minutes Defensive
   Center                   Left Wing                Right Wing               Defense                  Defense                  
   Bo Horvat                Matthew Tkachuk          Brendan Gallagher        Esa Lindell              Jacob Trouba             

Goaltenders
Starting : John Gibson              
Backup : Cam Ward                 

Extra Forwards
Normal : Bo Horvat, Frederik Gauthier, Nick Schmaltz - PP : Matthew Tkachuk, Frederik Gauthier - PK : Nick Schmaltz
Extra Defensemen
Normal : Noah Juulsen, Carl Gunnarsson, Ryan McDonagh - PP : Noah Juulsen - PK : Carl Gunnarsson, Ryan McDonagh
Penalty Shots
Bo Horvat, Matthew Tkachuk, Brendan Gallagher, Bryan Rust, Pierre-Luc Dubois
Custom OT Lines Forwards
Bo Horvat, Matthew Tkachuk, Brendan Gallagher, Bryan Rust, Pierre-Luc Dubois, Charlie Coyle, Nick Schmaltz, Cal Clutterbuck, Alexander Kerfoot, Nick Ritchie
Custom OT Lines Defensemen
Carl Gunnarsson, Jacob Trouba, Ryan McDonagh, Brenden Dillon, Noah Juulsen

Scratches
Pontus Aberg (Healthy), Filip Zadina (Healthy), Tobias Rieder (Healthy)

% Time on Ice - Flames

Lines # - Real PCT - Wanted PCT - Time Play
Normal Forward
1 - 36% - 40% - 17:09
2 - 28% - 30% - 13:24
3 - 19% - 20% - 9:17
4 - 17% - 10% - 8:06
Normal Defense
1 - 42% - 40% - 20:15
2 - 30% - 30% - 14:09
3 - 23% - 20% - 11:05
4 - 5% - 10% - 2:27
PP Forward
1 - 65% - 60% - 3:19
2 - 35% - 40% - 1:47
PP Defense
1 - 52% - 60% - 2:40
2 - 48% - 40% - 2:26
PK Forward
1 - 74% - 60% - 5:08
2 - 26% - 40% - 1:50
PK Defense
1 - 57% - 60% - 3:57
2 - 43% - 40% - 3:01
PK3 Forward
1 - 0% - 60%
2 - 0% - 40%
PK3 Defense
1 - 0% - 60%
2 - 0% - 40%
44 Forward
1 - 0% - 60%
2 - 0% - 40%
44 Defense
1 - 0% - 60%
2 - 0% - 40%
Last Minute Offensive  - 0:00
Last Minute Defensive  - 0:00
Total
Forward - 60:00
Defense - 60:00

% Time on Ice - Maroons

Lines # - Real PCT - Wanted PCT - Time Play
Normal Forward
1 - 35% - 40% - 16:44
2 - 29% - 30% - 13:54
3 - 22% - 20% - 10:28
4 - 14% - 10% - 6:50
Normal Defense
1 - 42% - 40% - 20:04
2 - 30% - 30% - 14:25
3 - 23% - 20% - 10:58
4 - 5% - 10% - 2:29
PP Forward
1 - 55% - 60% - 3:51
2 - 45% - 40% - 3:07
PP Defense
1 - 55% - 60% - 3:50
2 - 45% - 40% - 3:08
PK Forward
1 - 76% - 60% - 3:54
2 - 24% - 40% - 1:12
PK Defense
1 - 71% - 60% - 3:36
2 - 29% - 40% - 1:30
PK3 Forward
1 - 0% - 60%
2 - 0% - 40%
PK3 Defense
1 - 0% - 60%
2 - 0% - 40%
44 Forward
1 - 0% - 60%
2 - 0% - 40%
44 Defense
1 - 0% - 60%
2 - 0% - 40%
Last Minute Offensive  - 0:00
Last Minute Defensive  - 0:00
Total
Forward - 60:00
Defense - 60:00

Play-by-Play

1st period


0:01 of 1st period - David Krejci wins face-off versus Bo Horvat in neutral zone.
0:30 of 1st period - Wrist shot by Pierre-Luc Dubois.
0:30 of 1st period - Stopped by Carey Price without a rebound.
0:31 of 1st period - Brad Richardson wins face-off versus Pierre-Luc Dubois in Flames zone.
0:44 of 1st period - Snap shot by Nick Bjugstad.
0:44 of 1st period - Stopped by John Gibson with a rebound.
1:05 of 1st period - Snap shot by Nick Schmaltz.
1:05 of 1st period - Deflect By Brandon Manning.
1:05 of 1st period - Stopped by Carey Price without a rebound.
1:06 of 1st period - Jeff Carter wins face-off versus Jay Beagle in Flames zone.
1:17 of 1st period - Slapshot by Alex Chiasson.
1:17 of 1st period - Stopped by John Gibson with a rebound.
1:45 of 1st period - Bo Horvat is hit by Sam Reinhart and loses puck.
2:18 of 1st period - Minor Penalty to Drew Doughty for High sticking.
2:19 of 1st period - Bo Horvat wins face-off versus Leo Komarov in Flames zone.
2:22 of 1st period - Wrist shot by Brendan Gallagher.
2:22 of 1st period - Stopped by Carey Price with a rebound.
2:56 of 1st period - Snap shot by Bryan Rust.
2:56 of 1st period - Goal by Bryan Rust - Flames : 0 - Maroons : 1.
2:57 of 1st period - David Krejci wins face-off versus Matthew Tkachuk in neutral zone.
3:23 of 1st period - Jacob Trouba is hit by Victor Hedman and loses puck.
3:44 of 1st period - Brenden Dillon is hit by Trevor Moore and loses puck.
3:51 of 1st period - Nick Jensen is hit by Brenden Dillon and loses puck.
4:04 of 1st period - Wrist shot by Victor Hedman.
4:04 of 1st period - Shot Misses the Net.
4:06 of 1st period - Snap shot by Brad Richardson.
4:06 of 1st period - Shot Blocked by Carl Gunnarsson.
4:08 of 1st period - Snap shot by Brad Richardson.
4:08 of 1st period - Shot Blocked by Carl Gunnarsson.
4:28 of 1st period - Wrist shot by Matthew Tkachuk.
4:28 of 1st period - Shot Misses the Net.
4:56 of 1st period - Snap shot by Alex Chiasson.
4:56 of 1st period - Stopped by John Gibson without a rebound.
4:57 of 1st period - Bo Horvat wins face-off versus David Krejci in Maroons zone.
4:57 of 1st period - Bo Horvat is hit by Kevan Miller.
5:23 of 1st period - Esa Lindell is hit by Brad Richardson and loses puck.
5:29 of 1st period - Off-side.
5:30 of 1st period - Pierre-Luc Dubois wins face-off versus Brad Richardson in neutral zone.
6:03 of 1st period - Slapshot by Ryan McDonagh.
6:03 of 1st period - Stopped by Carey Price without a rebound.
6:04 of 1st period - Bo Horvat wins face-off versus Jeff Carter in Flames zone.
6:33 of 1st period - Icing by Jacob Trouba.
6:34 of 1st period - Pierre-Luc Dubois wins face-off versus David Krejci in Maroons zone.
6:46 of 1st period - Wrist shot by Anders Lee.
6:46 of 1st period - Stopped by John Gibson with a rebound.
6:48 of 1st period - Slapshot by Drew Doughty.
6:48 of 1st period - Shot Blocked by Brenden Dillon.
7:00 of 1st period - Slapshot by Ryan Donato.
7:00 of 1st period - Stopped by John Gibson with a rebound.
7:02 of 1st period - Snap shot by Jeff Carter.
7:02 of 1st period - Shot Misses the Net.
7:04 of 1st period - Slapshot by Kevan Miller.
7:04 of 1st period - Stopped by John Gibson with a rebound.
7:06 of 1st period - Snap shot by Jeff Carter.
7:06 of 1st period - Shot Blocked by Ryan McDonagh.
7:08 of 1st period - Wrist shot by Ryan Donato.
7:08 of 1st period - Stopped by John Gibson with a rebound.
7:17 of 1st period - Icing by Brendan Gallagher.
7:18 of 1st period - David Kampf wins face-off versus Cal Clutterbuck in Maroons zone.
7:43 of 1st period - Esa Lindell is hit by Victor Hedman and loses puck.
7:54 of 1st period - Brandon Manning is hit by Pierre-Luc Dubois and loses puck.
8:01 of 1st period - Esa Lindell is hit by Anders Lee and loses puck.
9:09 of 1st period - Snap shot by Trevor Moore.
9:09 of 1st period - Stopped by John Gibson without a rebound.
9:10 of 1st period - David Krejci wins face-off versus Bo Horvat in Maroons zone.
10:01 of 1st period - Slapshot by Drew Doughty.
10:01 of 1st period - Stopped by John Gibson without a rebound.
10:02 of 1st period - David Kampf wins face-off versus Alexander Kerfoot in Maroons zone.
10:37 of 1st period - Wrist shot by Nick Schmaltz.
10:37 of 1st period - Shot Misses the Net.
11:35 of 1st period - Snap shot by Alexander Kerfoot.
11:35 of 1st period - Shot Blocked by David Savard.
11:37 of 1st period - Slapshot by Jacob Trouba.
11:37 of 1st period - Deflect By David Savard.
11:37 of 1st period - Stopped by Carey Price with a rebound.
11:39 of 1st period - Snap shot by Cal Clutterbuck.
11:39 of 1st period - Shot Misses the Net.
11:43 of 1st period - Slapshot by Alexander Kerfoot.
11:43 of 1st period - Shot Misses the Net.
12:47 of 1st period - Wrist shot by David Kampf.
12:47 of 1st period - Shot Misses the Net.
12:52 of 1st period - Off-side.
12:53 of 1st period - Bo Horvat wins face-off versus Anders Lee in neutral zone.
13:01 of 1st period - Backhand shot by Sam Reinhart.
13:01 of 1st period - Deflect By Anders Lee.
13:01 of 1st period - Deflect By Matthew Tkachuk.
13:01 of 1st period - Shot Misses the Net.
13:01 of 1st period - Puck is out of play.
13:02 of 1st period - Bo Horvat wins face-off versus David Krejci in Maroons zone.
13:09 of 1st period - Wrist shot by David Krejci.
13:09 of 1st period - Shot Misses the Net.
13:19 of 1st period - Wrist shot by Anders Lee.
13:19 of 1st period - Shot Blocked by Brenden Dillon.
13:44 of 1st period - Wrist shot by David Krejci.
13:44 of 1st period - Stopped by John Gibson without a rebound.
13:45 of 1st period - Pierre-Luc Dubois wins face-off versus Jeff Carter in Maroons zone.
13:45 of 1st period - Pierre-Luc Dubois is hit by Jeff Carter.
14:07 of 1st period - Minor Penalty to Noah Juulsen for High sticking.
14:08 of 1st period - Bo Horvat wins face-off versus David Krejci in Maroons zone.
14:29 of 1st period - Bo Horvat is hit by Anders Lee and loses puck.
14:44 of 1st period - Slapshot by Alex Chiasson.
14:44 of 1st period - Shot Misses the Net.
15:12 of 1st period - Brad Richardson is hit by Carl Gunnarsson.
16:07 of 1st period - Penalty to Noah Juulsen is over, Noah Juulsen is back on ice.
16:21 of 1st period - Nick Bjugstad is hit by Nick Ritchie and loses puck.
16:43 of 1st period - Pierre-Luc Dubois is hit by Leo Komarov and loses puck.
17:02 of 1st period - Snap shot by Ryan Donato.
17:02 of 1st period - Stopped by John Gibson with a rebound.
17:04 of 1st period - Snap shot by Leo Komarov.
17:04 of 1st period - Stopped by John Gibson with a rebound.
17:06 of 1st period - Backhand shot by Drew Doughty.
17:06 of 1st period - Stopped by John Gibson with a rebound.
17:08 of 1st period - Slapshot by Nick Jensen.
17:08 of 1st period - Shot Misses the Net.
17:14 of 1st period - Snap shot by Nick Bjugstad.
17:14 of 1st period - Stopped by John Gibson without a rebound.
17:15 of 1st period - Bo Horvat wins face-off versus David Krejci in Maroons zone.
17:22 of 1st period - Wrist shot by Sam Reinhart.
17:22 of 1st period - Stopped by John Gibson without a rebound.
17:23 of 1st period - David Krejci wins face-off versus Bo Horvat in Maroons zone.
18:02 of 1st period - Wrist shot by David Krejci.
18:02 of 1st period - Shot Misses the Net.
18:04 of 1st period - Wrist shot by Kevan Miller.
18:04 of 1st period - Stopped by John Gibson with a rebound.
18:06 of 1st period - Slapshot by Kevan Miller.
18:06 of 1st period - Shot Misses the Net.
18:08 of 1st period - Snap shot by Anders Lee.
18:08 of 1st period - Shot Misses the Net.
18:10 of 1st period - Slapshot by Kevan Miller.
18:10 of 1st period - Stopped by John Gibson without a rebound.
18:11 of 1st period - Bryan Rust wins face-off versus Jeff Carter in Maroons zone.
18:37 of 1st period - Victor Hedman is hit by Nick Ritchie and loses puck.
19:25 of 1st period - Wrist shot by Pierre-Luc Dubois.
19:25 of 1st period - Shot Blocked by Jeff Carter.
Goals for this period are 0 for Flames vs 1 for Maroons.
Shots for this period are 17 for Flames vs 6 for Maroons.

2nd period


0:01 of 2nd period - David Krejci wins face-off versus Bo Horvat in neutral zone.
0:10 of 2nd period - Slapshot by Brendan Gallagher.
0:10 of 2nd period - Stopped by Carey Price with a rebound.
0:26 of 2nd period - Ryan Donato is hit by Jacob Trouba.
0:36 of 2nd period - Snap shot by Jeff Carter.
0:36 of 2nd period - Stopped by John Gibson with a rebound.
0:52 of 2nd period - Esa Lindell is hit by Nick Bjugstad and loses puck.
1:11 of 2nd period - Snap shot by Alexander Kerfoot.
1:11 of 2nd period - Shot Misses the Net.
1:13 of 2nd period - Snap shot by Cal Clutterbuck.
1:13 of 2nd period - Stopped by Carey Price without a rebound.
1:14 of 2nd period - Jeff Carter wins face-off versus Bo Horvat in Flames zone.
1:14 of 2nd period - Jeff Carter is hit by Brendan Gallagher.
1:20 of 2nd period - Wrist shot by Ryan Donato.
1:20 of 2nd period - Shot Blocked by Brenden Dillon.
2:04 of 2nd period - Slapshot by Drew Doughty.
2:04 of 2nd period - Stopped by John Gibson without a rebound.
2:05 of 2nd period - Bo Horvat wins face-off versus David Kampf in Maroons zone.
2:10 of 2nd period - Snap shot by Bo Horvat.
2:10 of 2nd period - Stopped by Carey Price with a rebound.
2:12 of 2nd period - Snap shot by Matthew Tkachuk.
2:12 of 2nd period - Stopped by Carey Price with a rebound.
2:14 of 2nd period - Snap shot by Matthew Tkachuk.
2:14 of 2nd period - Stopped by Carey Price without a rebound.
2:15 of 2nd period - David Krejci wins face-off versus Bo Horvat in Flames zone.
3:01 of 2nd period - Slapshot by Pierre-Luc Dubois.
3:01 of 2nd period - Deflect By Nick Ritchie.
3:01 of 2nd period - Stopped by Carey Price without a rebound.
3:02 of 2nd period - Brad Richardson wins face-off versus Jay Beagle in Flames zone.
3:15 of 2nd period - Snap shot by Nick Ritchie.
3:15 of 2nd period - Shot Misses the Net.
3:17 of 2nd period - Slapshot by Brenden Dillon.
3:17 of 2nd period - Deflect By Victor Hedman.
3:17 of 2nd period - Stopped by Carey Price with a rebound.
3:33 of 2nd period - Wrist shot by Pierre-Luc Dubois.
3:33 of 2nd period - Goal by Pierre-Luc Dubois - Flames : 0 - Maroons : 2.
3:34 of 2nd period - Bo Horvat wins face-off versus David Krejci in neutral zone.
4:04 of 2nd period - Slapshot by Victor Hedman.
4:04 of 2nd period - Goal by Victor Hedman - Flames : 1 - Maroons : 2.
4:05 of 2nd period - David Krejci wins face-off versus Bo Horvat in neutral zone.
4:19 of 2nd period - Icing by Esa Lindell.
4:20 of 2nd period - Bo Horvat wins face-off versus Jeff Carter in Maroons zone.
4:49 of 2nd period - Snap shot by Matthew Tkachuk.
4:49 of 2nd period - Shot Blocked by Drew Doughty.
5:01 of 2nd period - Backhand shot by Bo Horvat.
5:01 of 2nd period - Shot Misses the Net.
5:03 of 2nd period - Wrist shot by Bo Horvat.
5:03 of 2nd period - Deflect By Brendan Gallagher.
5:03 of 2nd period - Shot Blocked by Anders Lee.
5:03 of 2nd period - Puck is out of play.
5:04 of 2nd period - Jeff Carter wins face-off versus Pierre-Luc Dubois in Flames zone.
5:30 of 2nd period - Frederik Gauthier is hit by Nick Bjugstad.
5:36 of 2nd period - Wrist shot by Nick Ritchie.
5:36 of 2nd period - Shot Misses the Net.
5:52 of 2nd period - David Krejci is hit by Noah Juulsen and loses puck.
5:57 of 2nd period - Wrist shot by Nick Schmaltz.
5:57 of 2nd period - Stopped by Carey Price with a rebound.
6:31 of 2nd period - Brenden Dillon is hit by Drew Doughty and loses puck.
6:36 of 2nd period - Wrist shot by Ryan Donato.
6:36 of 2nd period - Shot Misses the Net.
6:44 of 2nd period - Wrist shot by Alex Chiasson.
6:44 of 2nd period - Shot Misses the Net.
7:01 of 2nd period - Double Minor Penalty to Nick Bjugstad for Slashing.
7:02 of 2nd period - Bo Horvat wins face-off versus Brad Richardson in Flames zone.
7:40 of 2nd period - Slapshot by Charlie Coyle.
7:40 of 2nd period - Stopped by Carey Price with a rebound.
8:01 of 2nd period - David Savard is hit by Bo Horvat and loses puck.
9:06 of 2nd period - Kevan Miller is hit by Frederik Gauthier.
9:37 of 2nd period - Matthew Tkachuk is hit by Kevan Miller and loses puck.
10:08 of 2nd period - Brandon Manning is hit by Pierre-Luc Dubois and loses puck.
10:21 of 2nd period - Snap shot by Trevor Moore.
10:21 of 2nd period - Goal by Trevor Moore - Flames : 2 - Maroons : 2.
10:22 of 2nd period - Bo Horvat wins face-off versus Brad Richardson in neutral zone.
10:27 of 2nd period - Wrist shot by Matthew Tkachuk.
10:27 of 2nd period - Shot Misses the Net.
10:47 of 2nd period - Pierre-Luc Dubois is hit by Kevan Miller.
11:01 of 2nd period - Penalty to Nick Bjugstad is over, Nick Bjugstad is back on ice.
11:40 of 2nd period - Wrist shot by Nick Bjugstad.
11:40 of 2nd period - Deflect By Leo Komarov.
11:40 of 2nd period - Stopped by John Gibson with a rebound.
11:42 of 2nd period - Wrist shot by Marcus Sorensen.
11:42 of 2nd period - Shot Blocked by Ryan McDonagh.
11:44 of 2nd period - Wrist shot by Nick Bjugstad.
11:44 of 2nd period - Stopped by John Gibson without a rebound.
11:45 of 2nd period - Sam Reinhart wins face-off versus Matthew Tkachuk in Maroons zone.
11:52 of 2nd period - Anders Lee is hit by Brendan Gallagher and loses puck.
12:15 of 2nd period - Icing by Pierre-Luc Dubois.
12:16 of 2nd period - Pierre-Luc Dubois wins face-off versus Jeff Carter in Maroons zone.
13:07 of 2nd period - Wrist shot by Nick Bjugstad.
13:07 of 2nd period - Stopped by John Gibson without a rebound.
13:08 of 2nd period - Jeff Carter wins face-off versus Pierre-Luc Dubois in Maroons zone.
13:59 of 2nd period - Slapshot by Victor Hedman.
13:59 of 2nd period - Shot Blocked by Alexander Kerfoot.
14:29 of 2nd period - Slapshot by Ryan McDonagh.
14:29 of 2nd period - Deflect By Jay Beagle.
14:29 of 2nd period - Stopped by Carey Price with a rebound.
14:45 of 2nd period - Wrist shot by Bryan Rust.
14:45 of 2nd period - Deflect By Charlie Coyle.
14:45 of 2nd period - Deflect By Drew Doughty.
14:45 of 2nd period - Stopped by Carey Price without a rebound.
14:46 of 2nd period - Bo Horvat wins face-off versus Jeff Carter in Flames zone.
15:15 of 2nd period - Slapshot by David Krejci.
15:15 of 2nd period - Shot Misses the Net.
15:33 of 2nd period - Nick Schmaltz is hit by Nick Bjugstad and loses puck.
16:51 of 2nd period - Alex Chiasson is hit by Charlie Coyle and loses puck.
17:14 of 2nd period - Icing by Leo Komarov.
17:15 of 2nd period - Matthew Tkachuk wins face-off versus Brad Richardson in Flames zone.
17:16 of 2nd period - Snap shot by Bo Horvat.
17:16 of 2nd period - Stopped by Carey Price without a rebound.
17:17 of 2nd period - David Krejci wins face-off versus Bo Horvat in Flames zone.
17:35 of 2nd period - Icing by David Krejci.
17:36 of 2nd period - Pierre-Luc Dubois wins face-off versus David Krejci in Flames zone.
17:41 of 2nd period - Snap shot by Charlie Coyle.
17:41 of 2nd period - Shot Misses the Net.
17:43 of 2nd period - Wrist shot by Pierre-Luc Dubois.
17:43 of 2nd period - Shot Misses the Net.
17:45 of 2nd period - Snap shot by Bryan Rust.
17:45 of 2nd period - Stopped by Carey Price without a rebound.
17:46 of 2nd period - Jeff Carter wins face-off versus Pierre-Luc Dubois in Flames zone.
18:14 of 2nd period - Snap shot by Bo Horvat.
18:14 of 2nd period - Stopped by Carey Price with a rebound.
18:16 of 2nd period - Backhand shot by Jacob Trouba.
18:16 of 2nd period - Deflect By Sam Reinhart.
18:16 of 2nd period - Stopped by Carey Price without a rebound.
18:17 of 2nd period - David Krejci wins face-off versus Bo Horvat in Flames zone.
18:36 of 2nd period - Backhand shot by Bo Horvat.
18:36 of 2nd period - Stopped by Carey Price without a rebound.
18:37 of 2nd period - Jeff Carter wins face-off versus Pierre-Luc Dubois in Flames zone.
18:52 of 2nd period - Snap shot by Ryan Donato.
18:52 of 2nd period - Stopped by John Gibson without a rebound.
18:53 of 2nd period - Bo Horvat wins face-off versus David Krejci in Maroons zone.
18:55 of 2nd period - Minor Penalty to Brendan Gallagher for Hooking.
18:56 of 2nd period - David Krejci wins face-off versus Matthew Tkachuk in Maroons zone.
19:02 of 2nd period - Wrist shot by Anders Lee.
19:02 of 2nd period - Stopped by John Gibson with a rebound.
19:22 of 2nd period - Matthew Tkachuk is hit by Jeff Carter and loses puck.
19:27 of 2nd period - Wrist shot by Alex Chiasson.
19:27 of 2nd period - Shot Misses the Net.
19:29 of 2nd period - Wrist shot by Alex Chiasson.
19:29 of 2nd period - Stopped by John Gibson without a rebound.
19:30 of 2nd period - David Krejci wins face-off versus Bo Horvat in Maroons zone.
19:33 of 2nd period - Snap shot by Anders Lee.
19:33 of 2nd period - Shot Misses the Net.
19:35 of 2nd period - Wrist shot by Sam Reinhart.
19:35 of 2nd period - Stopped by John Gibson with a rebound.
19:37 of 2nd period - Snap shot by Anders Lee.
19:37 of 2nd period - Shot Misses the Net.
19:55 of 2nd period - Nick Jensen is hit by Bryan Rust and loses puck.
Goals for this period are 2 for Flames vs 1 for Maroons.
Shots for this period are 11 for Flames vs 17 for Maroons.

3rd period


0:01 of 3rd period - Bo Horvat wins face-off versus David Krejci in neutral zone.
0:09 of 3rd period - Icing by Sam Reinhart.
0:10 of 3rd period - Bo Horvat wins face-off versus Anders Lee in Flames zone.
0:55 of 3rd period - Penalty to Brendan Gallagher is over, Brendan Gallagher is back on ice.
1:11 of 3rd period - Snap shot by Sam Reinhart.
1:11 of 3rd period - Stopped by John Gibson without a rebound.
1:12 of 3rd period - Jeff Carter wins face-off versus Jay Beagle in Maroons zone.
1:15 of 3rd period - Wrist shot by Alex Chiasson.
1:15 of 3rd period - Stopped by John Gibson without a rebound.
1:16 of 3rd period - Frederik Gauthier wins face-off versus Jeff Carter in Maroons zone.
2:08 of 3rd period - Wrist shot by Pierre-Luc Dubois.
2:08 of 3rd period - Stopped by Carey Price with a rebound.
2:24 of 3rd period - Wrist shot by Alexander Kerfoot.
2:24 of 3rd period - Shot Misses the Net.
2:26 of 3rd period - Minor Penalty to David Savard for Holding.
2:27 of 3rd period - Brad Richardson wins face-off versus Bo Horvat in Flames zone.
2:36 of 3rd period - Brad Richardson is hit by Brenden Dillon and loses puck.
3:00 of 3rd period - Snap shot by Charlie Coyle.
3:00 of 3rd period - Stopped by Carey Price with a rebound.
3:02 of 3rd period - Slapshot by Bryan Rust.
3:02 of 3rd period - Shot Blocked by Brad Richardson.
3:28 of 3rd period - Slapshot by Drew Doughty.
3:28 of 3rd period - Shot Blocked by Brenden Dillon.
4:26 of 3rd period - Penalty to David Savard is over, David Savard is back on ice.
4:50 of 3rd period - Minor Penalty to Nick Ritchie for Hooking.
4:51 of 3rd period - David Krejci wins face-off versus Bo Horvat in Maroons zone.
5:01 of 3rd period - Snap shot by David Krejci.
5:01 of 3rd period - Shot Misses the Net.
5:03 of 3rd period - Snap shot by Anders Lee.
5:03 of 3rd period - Shot Misses the Net.
5:05 of 3rd period - Slapshot by Nick Jensen.
5:05 of 3rd period - Deflect By Anders Lee.
5:05 of 3rd period - Stopped by John Gibson without a rebound.
5:06 of 3rd period - Bo Horvat wins face-off versus David Krejci in Maroons zone.
5:30 of 3rd period - Icing by Jeff Carter.
5:31 of 3rd period - Jeff Carter wins face-off versus Brendan Gallagher in Flames zone.
5:44 of 3rd period - Snap shot by Alex Chiasson.
5:44 of 3rd period - Shot Misses the Net.
5:46 of 3rd period - Wrist shot by Brad Richardson.
5:46 of 3rd period - Stopped by John Gibson without a rebound.
5:47 of 3rd period - David Krejci wins face-off versus Bo Horvat in Maroons zone.
5:56 of 3rd period - Wrist shot by David Krejci.
5:56 of 3rd period - Stopped by John Gibson with a rebound.
5:58 of 3rd period - Snap shot by David Krejci.
5:58 of 3rd period - Goal by David Krejci - Flames : 3 - Maroons : 2.
5:59 of 3rd period - Bo Horvat wins face-off versus David Krejci in neutral zone.
6:08 of 3rd period - Icing by David Savard.
6:09 of 3rd period - Bo Horvat wins face-off versus David Krejci in Flames zone.
6:12 of 3rd period - Snap shot by Matthew Tkachuk.
6:12 of 3rd period - Shot Misses the Net.
8:44 of 3rd period - Wrist shot by Sam Reinhart.
8:44 of 3rd period - Stopped by John Gibson with a rebound.
8:50 of 3rd period - Wrist shot by Bo Horvat.
8:50 of 3rd period - Shot Misses the Net.
9:07 of 3rd period - Wrist shot by Matthew Tkachuk.
9:07 of 3rd period - Stopped by Carey Price without a rebound.
9:08 of 3rd period - Jeff Carter wins face-off versus Pierre-Luc Dubois in Flames zone.
9:12 of 3rd period - Off-side.
9:13 of 3rd period - Pierre-Luc Dubois wins face-off versus Jeff Carter in neutral zone.
9:34 of 3rd period - Minor Penalty to Alex Chiasson for Tripping.
9:35 of 3rd period - Pierre-Luc Dubois wins face-off versus Brad Richardson in Flames zone.
9:42 of 3rd period - Wrist shot by Pierre-Luc Dubois.
9:42 of 3rd period - Stopped by Carey Price without a rebound.
9:43 of 3rd period - Brad Richardson wins face-off versus Pierre-Luc Dubois in Flames zone.
9:54 of 3rd period - Wrist shot by Bryan Rust.
9:54 of 3rd period - Stopped by Carey Price with a rebound.
9:56 of 3rd period - Wrist shot by Charlie Coyle.
9:56 of 3rd period - Goal by Charlie Coyle - Flames : 3 - Maroons : 3.
9:57 of 3rd period - Jeff Carter wins face-off versus Pierre-Luc Dubois in neutral zone.
10:00 of 3rd period - Slapshot by Jeff Carter.
10:00 of 3rd period - Stopped by John Gibson with a rebound.
10:32 of 3rd period - Slapshot by Victor Hedman.
10:32 of 3rd period - Deflect By Nick Ritchie.
10:32 of 3rd period - Stopped by John Gibson with a rebound.
10:54 of 3rd period - Brandon Manning is hit by Alexander Kerfoot and loses puck.
11:30 of 3rd period - Brenden Dillon is hit by Marcus Sorensen and loses puck.
11:45 of 3rd period - Nick Ritchie is hit by Nick Bjugstad and loses puck.
11:58 of 3rd period - Backhand shot by Jacob Trouba.
11:58 of 3rd period - Shot Blocked by David Savard.
12:29 of 3rd period - Slapshot by Bo Horvat.
12:29 of 3rd period - Shot Misses the Net.
12:31 of 3rd period - Slapshot by Jacob Trouba.
12:31 of 3rd period - Shot Misses the Net.
12:33 of 3rd period - Slapshot by Matthew Tkachuk.
12:33 of 3rd period - Shot Misses the Net.
13:32 of 3rd period - Snap shot by Matthew Tkachuk.
13:32 of 3rd period - Shot Blocked by Drew Doughty.
13:57 of 3rd period - Nick Bjugstad is hit by Noah Juulsen and loses puck.
14:02 of 3rd period - Snap shot by Nick Schmaltz.
14:02 of 3rd period - Shot Misses the Net.
14:16 of 3rd period - Snap shot by Marcus Sorensen.
14:16 of 3rd period - Shot Misses the Net.
15:37 of 3rd period - Slapshot by Victor Hedman.
15:37 of 3rd period - Deflect By Nick Bjugstad.
15:37 of 3rd period - Shot Blocked by Ryan McDonagh.
15:37 of 3rd period - Puck is out of play.
15:38 of 3rd period - Brad Richardson wins face-off versus Pierre-Luc Dubois in Maroons zone.
15:43 of 3rd period - Snap shot by Nick Bjugstad.
15:43 of 3rd period - Stopped by John Gibson with a rebound.
15:45 of 3rd period - Slapshot by Victor Hedman.
15:45 of 3rd period - Shot Misses the Net.
15:47 of 3rd period - Slapshot by Nick Jensen.
15:47 of 3rd period - Stopped by John Gibson with a rebound.
16:07 of 3rd period - Snap shot by Leo Komarov.
16:07 of 3rd period - Stopped by John Gibson with a rebound.
16:09 of 3rd period - Slapshot by Leo Komarov.
16:09 of 3rd period - Stopped by John Gibson without a rebound.
16:10 of 3rd period - David Krejci wins face-off versus Nick Schmaltz in Maroons zone.
16:44 of 3rd period - Jeff Carter is hit by Brendan Gallagher and loses puck.
17:06 of 3rd period - Slapshot by Pierre-Luc Dubois.
17:06 of 3rd period - Shot Misses the Net.
17:28 of 3rd period - Alex Chiasson is hit by Jay Beagle and loses puck.
18:31 of 3rd period - Snap shot by Bo Horvat.
18:31 of 3rd period - Shot Blocked by Marcus Sorensen.
18:33 of 3rd period - Wrist shot by Brendan Gallagher.
18:33 of 3rd period - Stopped by Carey Price with a rebound.
19:06 of 3rd period - Jeff Carter is hit by Pierre-Luc Dubois and loses puck.
Goals for this period are 1 for Flames vs 1 for Maroons.
Shots for this period are 13 for Flames vs 7 for Maroons.

Overtime #1


0:01 of 1st overtime period - Bo Horvat wins face-off versus David Krejci in neutral zone.
0:30 of 1st overtime period - Wrist shot by Drew Doughty.
0:30 of 1st overtime period - Stopped by John Gibson without a rebound.
0:31 of 1st overtime period - Sam Reinhart wins face-off versus Brendan Gallagher in Maroons zone.
0:42 of 1st overtime period - Drew Doughty is hit by Carl Gunnarsson and loses puck.
1:05 of 1st overtime period - Snap shot by Alex Chiasson.
1:05 of 1st overtime period - Shot Blocked by Carl Gunnarsson.
1:11 of 1st overtime period - Snap shot by Sam Reinhart.
1:11 of 1st overtime period - Deflect By Carl Gunnarsson.
1:11 of 1st overtime period - Stopped by John Gibson without a rebound.
1:12 of 1st overtime period - Bo Horvat wins face-off versus David Krejci in Maroons zone.
1:21 of 1st overtime period - Slapshot by Matthew Tkachuk.
1:21 of 1st overtime period - Stopped by Carey Price without a rebound.
1:22 of 1st overtime period - Bo Horvat wins face-off versus David Krejci in Flames zone.
1:25 of 1st overtime period - Slapshot by Bo Horvat.
1:25 of 1st overtime period - Stopped by Carey Price with a rebound.
1:35 of 1st overtime period - Wrist shot by Anders Lee.
1:35 of 1st overtime period - Stopped by John Gibson without a rebound.
1:36 of 1st overtime period - Anders Lee wins face-off versus Bo Horvat in Maroons zone.
1:37 of 1st overtime period - Wrist shot by Sam Reinhart.
1:37 of 1st overtime period - Stopped by John Gibson with a rebound.
1:39 of 1st overtime period - Snap shot by Anders Lee.
1:39 of 1st overtime period - Stopped by John Gibson with a rebound.
1:41 of 1st overtime period - Wrist shot by Anders Lee.
1:41 of 1st overtime period - Shot Blocked by Carl Gunnarsson.
1:45 of 1st overtime period - Wrist shot by Sam Reinhart.
1:45 of 1st overtime period - Stopped by John Gibson without a rebound.
1:46 of 1st overtime period - Bo Horvat wins face-off versus Anders Lee in Maroons zone.
2:17 of 1st overtime period - Snap shot by Anders Lee.
2:17 of 1st overtime period - Deflect By Matthew Tkachuk.
2:17 of 1st overtime period - Shot Blocked by Carl Gunnarsson.
2:17 of 1st overtime period - Puck is out of play.
2:18 of 1st overtime period - Brendan Gallagher wins face-off versus David Krejci in Maroons zone.
2:43 of 1st overtime period - Bo Horvat is hit by Anders Lee and loses puck.
4:13 of 1st overtime period - Snap shot by Brendan Gallagher.
4:13 of 1st overtime period - Stopped by Carey Price with a rebound.
4:53 of 1st overtime period - Backhand shot by Jeff Carter.
4:53 of 1st overtime period - Stopped by John Gibson without a rebound.
4:54 of 1st overtime period - Brad Richardson wins face-off versus Pierre-Luc Dubois in Maroons zone.
4:55 of 1st overtime period - Wrist shot by Jeff Carter.
4:55 of 1st overtime period - Shot Misses the Net.
Goals for this period are 0 for Flames vs 0 for Maroons.
Shots for this period are 7 for Flames vs 3 for Maroons.

ShootOut


5:00 of 1st overtime period - Round #1.
5:00 of 1st overtime period - Flames, Sam Reinhart.
5:00 of 1st overtime period - Snap shot by Sam Reinhart.
5:00 of 1st overtime period - Shot Misses the Net.
5:00 of 1st overtime period - Maroons, Bo Horvat.
5:00 of 1st overtime period - Snap shot by Bo Horvat.
5:00 of 1st overtime period - Shot Misses the Net.
5:00 of 1st overtime period - Round #2.
5:00 of 1st overtime period - Flames, David Kampf.
5:00 of 1st overtime period - Backhand shot by David Kampf.
5:00 of 1st overtime period - Shot Misses the Net.
5:00 of 1st overtime period - Maroons, Matthew Tkachuk.
5:00 of 1st overtime period - Backhand shot by Matthew Tkachuk.
5:00 of 1st overtime period - Stopped by Carey Price.
5:00 of 1st overtime period - Round #3.
5:00 of 1st overtime period - Flames, Nick Bjugstad.
5:00 of 1st overtime period - Backhand shot by Nick Bjugstad.
5:00 of 1st overtime period - Shot Misses the Net.
5:00 of 1st overtime period - Maroons, Brendan Gallagher.
5:00 of 1st overtime period - Snap shot by Brendan Gallagher.
5:00 of 1st overtime period - Goal by Brendan Gallagher. Output by the SimonT Hockey Simulator (STHS) for Eric Tremblay - Original Page W3C HTML5 Valid
Hockey Simulator - Hockey Simulation - Hockey Manager